[Event "ICC Open 2015"]
[Site "Internet Chess Club"]
[Date "2015.05.29"]
[Round "3"]
[White "Rinazina46"]
[Black "NietzscheBac"]
[Result "1/2-1/2"]
[ICCResult "Black stalemated"]
[WhiteElo "1824"]
[BlackElo "1699"]
[Opening "Giuoco Pianissimo"]
[ECO "C50"]
[NIC "IG.02"]
[Time "14:25:20"]
[TimeControl "180+0"]

1. e4 e5 2. Nf3 Nc6 3. Bc4 Bc5 4. d3 Nf6 5. c3 d6 6. Nbd2 O-O 7. O-O Bg4 8.
h3 Be6 9. Bb3 a5 10. Re1 h6 11. Nf1 a4 12. Bc2 b5 13. Ng3 Qd7 14. Nh4 Ne7
15. Qf3 Nh7 16. Nhf5 Nxf5 17. exf5 Bd5 18. Qxd5 c6 19. Qf3 Nf6 20. Ne4 Nxe4
21. dxe4 Qe7 22. Be3 Bxe3 23. fxe3 Qf6 24. Rf1 Rfd8 25. Rad1 Rac8 26. Rd2
Rd7 27. Rfd1 Rcd8 28. b3 axb3 29. Bxb3 c5 30. Bd5 c4 31. Rf1 Rc7 32. Rdf2
Rc5 33. g4 Qg5 34. Qg3 Qe7 35. h4 Kh8 36. g5 h5 37. f6 g6 38. Qf3 Qf8 39.
Rb1 Rb8 40. Rfb2 Qd8 41. Qf2 Qc7 42. Qd2 Qa7 43. Qc2 Qc7 44. a4 Qa7 45. axb5
Qb6 46. Qa4 Qd8 47. b6 Ra8 48. Qb4 Rb8 49. b7 Qc7 50. Ra2 Qd8 51. Ra8 Qc7
52. Rxb8+ Qxb8 53. Qa4 Rc7 54. Qa8 Rxb7 55. Qxb7 Qxb7 56. Rxb7 Kh7 57. Rxf7+
Kh8 58. Rd7 {Black stalemated} 1/2-1/2

[Event "ICC Open 2015"]
[Site "Internet Chess Club"]
[Date "2015.05.29"]
[Round "3"]
[White "nihil95"]
[Black "TheGreatFair"]
[Result "0-1"]
[ICCResult "White checkmated"]
[WhiteElo "1696"]
[BlackElo "2064"]
[Opening "Sicilian"]
[ECO "B53"]
[NIC "SI.01"]
[Time "14:26:48"]
[TimeControl "180+0"]

1. e4 c5 2. Nf3 d6 3. d4 cxd4 4. Bc4 Nf6 5. Qe2 Nc6 6. O-O Bg4 7. h3 Bh5 8.
c3 e6 9. Bf4 Be7 10. Nbd2 dxc3 11. bxc3 O-O 12. Rfd1 Qc7 13. Qd3 Rfd8 14.
Bb5 Rac8 15. Rac1 a6 16. Ba4 Ne5 17. Qe2 Nxf3+ 18. Nxf3 Qc4 19. Qxc4 Rxc4
20. Rd4 Rdc8 21. Bb3 Rxc3 22. Rxc3 Rxc3 23. Nd2 e5 24. Rb4 exf4 25. Rxb7 Bf8
26. f3 Bg6 27. Kf2 h5 28. Nc4 d5 29. exd5 Bc5+ 30. Ke2 Nxd5 31. Na5 Bd3+ 32.
Kd2 Be3+ 33. Kd1 Rc1# {White checkmated} 0-1

[Event "ICC Open 2015"]
[Site "Internet Chess Club"]
[Date "2015.05.29"]
[Round "3"]
[White "hawk12"]
[Black "AMKE"]
[Result "1-0"]
[ICCResult "Black checkmated"]
[WhiteElo "1709"]
[BlackElo "1491"]
[Opening "French: Rubinstein variation"]
[ECO "C10"]
[NIC "FR.07"]
[Time "14:25:47"]
[TimeControl "180+0"]

1. e4 e6 2. d4 d5 3. Nc3 dxe4 4. Nxe4 Bd7 5. Bd3 Bc6 6. f3 Nd7 7. c3 Ngf6 8.
Bg5 Be7 9. Qc2 Nxe4 10. Bxe7 Qxe7 11. fxe4 b6 12. Nf3 Bb7 13. O-O-O c5 14.
Kb1 Rc8 15. Bb5 O-O 16. Bd3 cxd4 17. Nxd4 Nc5 18. Rhe1 Nxd3 19. Qxd3 Rfd8
20. Qe3 e5 21. Nf5 Qf6 22. g4 g6 23. g5 Qc6 24. Ne7+ Kf8 25. Nxc6 Rxc6 26.
Rxd8+ Ke7 27. Red1 Bc8 28. R8d2 f5 29. gxf6+ Rxf6 30. Qg5 h6 31. Qh4 g5 32.
Qg3 Rf4 33. a4 Rxe4 34. a5 Bf5 35. Kc1 Ra4 36. b4 bxa5 37. Qxe5+ Be6 38. Re1
Ra1+ 39. Kb2 Ra2+ 40. Kc1 Ra1+ 41. Kc2 Ra2+ 42. Kd3 axb4 43. Qxe6+ Kd8 44.
Qxa2 bxc3 45. Kxc3+ Kc7 46. Qxa7+ Kc6 47. Re6+ Kb5 48. Rd5# {Black
checkmated} 1-0

[Event "ICC Open 2015"]
[Site "Internet Chess Club"]
[Date "2015.05.29"]
[Round "3"]
[White "HematiteBrown"]
[Black "Yule"]
[Result "0-1"]
[ICCResult "White resigns"]
[WhiteElo "2088"]
[BlackElo "2626"]
[Opening "Sicilian: Najdorf, Byrne (English) attack"]
[ECO "B90"]
[NIC "SI.14"]
[Time "14:26:14"]
[TimeControl "180+0"]

1. e4 c5 2. Nf3 d6 3. d4 cxd4 4. Nxd4 Nf6 5. Nc3 a6 6. Be3 e6 7. f3 b5 8.
Qd2 Bb7 9. O-O-O Nbd7 10. g4 Nb6 11. Rg1 Rc8 12. g5 Nfd7 13. Bd3 Ne5 14. Kb1
Nbc4 15. Qe1 Nxe3 16. Qxe3 Be7 17. f4 Nc4 18. Bxc4 Rxc4 19. f5 Qc8 20. fxe6
fxe6 21. g6 O-O 22. Qh3 h6 23. Qxe6+ Qxe6 24. Nxe6 Rf2 25. Rgf1 Rxf1 26.
Rxf1 Bxe4 27. Rf4 Bxg6 28. Rxc4 bxc4 29. Nd5 Bh4 30. Nec7 Be4 31. Nc3 Bb7
32. Ne8 Be7 33. Nc7 Kf7 34. a3 g5 35. b3 cxb3 36. cxb3 h5 37. b4 g4 38. a4
h4 39. b5 axb5 40. axb5 g3 41. hxg3 hxg3 42. N7d5 g2 43. Ne2 Bxd5 44. Ng1
{White resigns}
0-1

[Event "ICC Open 2015"]
[Site "Internet Chess Club"]
[Date "2015.05.29"]
[Round "3"]
[White "khekhm"]
[Black "geographywhiz"]
[Result "0-1"]
[ICCResult "White resigns"]
[WhiteElo "2628"]
[BlackElo "1964"]
[Opening "Scotch: Potter variation"]
[ECO "C45"]
[NIC "SO.05"]
[Time "14:26:18"]
[TimeControl "180+0"]

1. e4 e5 2. Nf3 Nc6 3. d4 exd4 4. Nxd4 Bc5 5. Nb3 Bb6 6. Nc3 Qf6 7. Qf3 Qxf3
8. gxf3 Nge7 9. Na4 d6 10. Nxb6 axb6 11. Rg1 Rg8 12. c3 Be6 13. c4 Nb4 14.
Kd1 Kd7 15. a3 Na6 16. Nd4 Nc6 17. Nxe6 fxe6 18. f4 Nc5 19. f3 Nb3 20. Rb1
Ncd4 21. Be2 Nxc1 22. Rxc1 e5 23. f5 g6 24. fxg6 Rxg6 25. Rxg6 hxg6 26. Kd2
Nb3+ 27. Kd1 Nxc1 28. Kxc1 Rh8 {White resigns} 0-1

[Event "ICC Open 2015"]
[Site "Internet Chess Club"]
[Date "2015.05.29"]
[Round "3"]
[White "CavacoSilva1939"]
[Black "RST2003"]
[Result "1-0"]
[ICCResult "Black resigns"]
[WhiteElo "2326"]
[BlackElo "1838"]
[Opening "Pirc: Austrian attack, 6.Bd3"]
[ECO "A45"]
[NIC "PU.02"]
[Time "14:26:31"]
[TimeControl "180+0"]

1. d4 Nf6 2. Nc3 g6 3. e4 Bg7 4. f4 d6 5. Nf3 O-O 6. Bd3 c5 7. dxc5 dxc5 8.
O-O Nc6 9. Kh1 Bg4 10. h3 Bxf3 11. Qxf3 Nd4 12. Qf2 a6 13. Be3 Ne8 14. e5
Ne6 15. Be4 Qb6 16. Nd5 Qd8 17. Rad1 Rc8 18. Nf6+ exf6 19. Rxd8 Rxd8 20.
Bxc5 Nxc5 21. Qxc5 fxe5 22. fxe5 Rd2 23. Bxb7 Re2 24. Bxa6 Rxe5 25. Qb4 Nc7
26. Bc4 Re4 27. Rxf7 Rxc4 28. Rxf8+ Bxf8 29. Qxc4+ Kg7 30. Qxc7+ Kh6 31. a4
{Black resigns}
1-0

[Event "ICC Open 2015"]
[Site "Internet Chess Club"]
[Date "2015.05.29"]
[Round "3"]
[White "Nos"]
[Black "ElFenomeno"]
[Result "0-1"]
[ICCResult "White resigns"]
[WhiteElo "2329"]
[BlackElo "1904"]
[Opening "King's Indian: 6.Be2"]
[ECO "E91"]
[NIC "KI.19"]
[Time "14:26:03"]
[TimeControl "180+0"]

1. Nf3 Nf6 2. c4 g6 3. Nc3 Bg7 4. e4 d6 5. d4 O-O 6. Be2 a6 7. Bg5 Bg4 8.
Nd2 Bxe2 9. Qxe2 Nc6 10. Be3 e5 11. Nb3 Nd7 12. O-O-O exd4 13. Nxd4 Nxd4 14.
Bxd4 Bxd4 15. Rxd4 Qg5+ 16. Kb1 Qxg2 17. Rdd1 Rae8 18. h4 Ne5 19. Nd5 Qf3
20. Qxf3 Nxf3 21. Nf6+ Kg7 22. Nxe8+ Rxe8 23. Rh3 Ne5 24. b3 h5 25. Kc2 Ng4
26. Re1 Nxf2 27. Rhe3 Ng4 28. R3e2 Ne5 29. Kc3 Re6 30. Rf1 Rf6 31. Rxf6 Kxf6
32. Rf2+ Ke6 33. Kd4 Ng4 34. Re2 f6 35. b4 g5 36. Re1 Ne5 37. hxg5 Nf3+ 38.
Ke3 Nxe1 {White resigns} 0-1

[Event "ICC Open 2015"]
[Site "Internet Chess Club"]
[Date "2015.05.29"]
[Round "3"]
[White "blunder23"]
[Black "jugador"]
[Result "0-1"]
[ICCResult "White checkmated"]
[WhiteElo "1453"]
[BlackElo "1705"]
[Opening "Sicilian: Grand Prix attack"]
[ECO "B21"]
[NIC "SI.48"]
[Time "14:25:30"]
[TimeControl "180+0"]

1. e4 c5 2. f4 e6 3. Nf3 Nc6 4. Bb5 Nd4 5. Nxd4 cxd4 6. O-O Ne7 7. c3 dxc3
8. Nxc3 Nc6 9. d4 a6 10. Bxc6 bxc6 11. d5 Bc5+ 12. Kh1 cxd5 13. exd5 d6 14.
Re1 O-O 15. Be3 Qb6 16. Bxc5 Qxc5 17. Rc1 Qb6 18. Na4 Qb4 19. b3 Qxf4 20.
Rf1 Qe5 21. dxe6 Bxe6 22. Re1 Qg5 23. Nb6 Rad8 24. Nc4 Bd5 25. Re2 Rde8 26.
Qd2 Qxd2 27. Rxd2 Bxc4 28. bxc4 Re6 29. Rdd1 f5 30. Rd2 f4 31. h3 f3 32.
gxf3 Rxf3 33. Kg2 Ree3 34. Rxd6 Rg3+ 35. Kf2 Ra3 36. Rd8+ Kf7 37. Rcd1 h6
38. R8d7+ Kg6 39. R7d6+ Kh7 40. R1d2 Rxh3 41. c5 Rh2+ 42. Ke1 Rh1+ 43. Ke2
Rh2+ 44. Kf1 Rxd2 45. Rxd2 Rc3 46. Rd6 Rxc5 47. Rxa6 Rc1+ 48. Kg2 Ra1 49.
Kg3 h5 50. Kh4 Rh1+ 51. Kg5 g6 52. a4 Rg1+ 53. Kh4 Kh6 54. a5 Rg4+ 55. Kh3
Ra4 56. Ra7 Kg5 57. a6 Ra3+ 58. Kg2 h4 59. Ra8 Kg4 60. a7 h3+ 61. Kh2 Ra2+
62. Kg1 h2+ 63. Kh1 Kg3 64. Rg8 Ra1# {White checkmated} 0-1

[Event "ICC Open 2015"]
[Site "Internet Chess Club"]
[Date "2015.05.29"]
[Round "3"]
[White "SusikoiraRoi"]
[Black "wolwerine"]
[Result "0-1"]
[ICCResult "White forfeits on time"]
[WhiteElo "1808"]
[BlackElo "2193"]
[Opening "Sicilian: Prins (Moscow) variation"]
[ECO "B55"]
[NIC "SI.01"]
[Time "14:25:44"]
[TimeControl "180+0"]

1. e4 c5 2. Nf3 d6 3. d4 cxd4 4. Nxd4 Nf6 5. f3 e5 6. Nb3 Be6 7. c4 Be7 8.
Be3 O-O 9. Be2 b5 10. cxb5 d5 11. exd5 Nxd5 12. Bf2 Bb4+ 13. N1d2 Nf4 14.
O-O Qg5 15. Bg3 Rd8 16. Kh1 Bxb3 17. Qxb3 Bxd2 18. Bc4 Qg6 19. Rad1 Ba5 20.
Bxf4 exf4 21. Bd5 Nd7 22. Bxa8 Rxa8 23. Rxd7 Bb6 24. Rfd1 h5 25. Qd5 Rf8 26.
Re1 h4 27. h3 Qg3 28. Qd2 Bf2 29. Re4 Be3 30. Qe2 Qg6 31. Ree7 Qf6 32. Qd3
Qxb2 33. Rxf7 Rxf7 {White forfeits on time} 0-1

[Event "ICC Open 2015"]
[Site "Internet Chess Club"]
[Date "2015.05.29"]
[Round "3"]
[White "SvMihajlov"]
[Black "Pantani"]
[Result "0-1"]
[ICCResult "White resigns"]
[WhiteElo "2264"]
[BlackElo "3063"]
[Opening "QGD semi-Slav: accelerated Meran (Alekhine variation)"]
[ECO "D45"]
[NIC "SL.08"]
[Time "14:26:40"]
[TimeControl "180+0"]

1. d4 d5 2. c4 c6 3. Nf3 Nf6 4. Nc3 e6 5. e3 a6 6. c5 b6 7. cxb6 Qxb6 8. Na4
Qa7 9. Bd3 a5 10. O-O Ba6 11. Ne5 Bd6 12. Bxa6 Qxa6 13. Nd3 Nbd7 14. b3 O-O
15. Bb2 Rfc8 16. Rc1 Rc7 17. f3 Rac8 18. Ndc5 Nxc5 19. Nxc5 Bxc5 20. dxc5
Nd7 21. Qd4 f6 22. e4 Qb5 23. Rfe1 Nf8 24. Qc3 e5 25. Rcd1 d4 26. Qd3 Ne6
27. Ba3 Rb7 28. Qc2 a4 29. Rb1 Rcb8 30. b4 Rd7 31. Red1 Nf4 32. Kf2 d3 33.
Qc3 Rd4 34. g3 Rc4 35. Qa1 Rc2+ 36. Kg1 Nh3+ 37. Kh1 Nf2+ {White resigns}
0-1

[Event "ICC Open 2015"]
[Site "Internet Chess Club"]
[Date "2015.05.29"]
[Round "3"]
[White "truufseir"]
[Black "A4-H5"]
[Result "0-1"]
[ICCResult "White forfeits on time"]
[WhiteElo "1502"]
[BlackElo "1811"]
[Opening "Sicilian: dragon, Levenfish variation"]
[ECO "B71"]
[NIC "SI.15"]
[Time "14:25:48"]
[TimeControl "180+0"]

1. e4 c5 2. Nf3 d6 3. d4 cxd4 4. Nxd4 Nf6 5. Nc3 g6 6. f4 Nc6 7. Nxc6 bxc6
8. Bc4 Bg4 9. Qd3 Be6 10. Ba6 Qc7 11. O-O Bg7 12. e5 Nd5 13. Nxd5 Bxd5 14.
exd6 exd6 15. Re1+ Be6 16. Kh1 O-O 17. Rb1 d5 18. Qa3 Rfd8 19. Bd3 Bf8 20.
Qc3 Bg7 21. Qd2 c5 22. Qf2 c4 23. Be2 Bf5 24. Bf3 Rab8 25. b3 d4 26. Bb2 d3
27. Bxg7 Kxg7 28. g4 dxc2 29. Rbc1 Bd3 30. Re5 cxb3 31. axb3 Re8 32. Qd4
Rxe5 33. fxe5 Rd8 34. Qb2 Kg8 35. e6 fxe6 36. Re1 Qd6 37. Bb7 c1=Q
{White forfeits on time}
0-1

[Event "ICC Open 2015"]
[Site "Internet Chess Club"]
[Date "2015.05.29"]
[Round "3"]
[White "FHNA"]
[Black "Romanson-zucker"]
[Result "1-0"]
[ICCResult "Black forfeits on time"]
[WhiteElo "2578"]
[BlackElo "1934"]
[Opening "Sicilian: Richter-Rauzer, Bondarevsky variation"]
[ECO "B60"]
[NIC "SI.27"]
[Time "14:25:35"]
[TimeControl "180+0"]

1. e4 c5 2. Nf3 Nc6 3. d4 cxd4 4. Nxd4 Nf6 5. Nc3 d6 6. Bg5 g6 7. Qd2 Bg7 8.
Nxc6 bxc6 9. O-O-O O-O 10. e5 Nd5 11. Nxd5 cxd5 12. exd6 Qxd6 13. Qxd5 Qb6
14. Qb3 Qxf2 15. Be3 Qh4 16. g3 Qe4 17. Bd3 Qxe3+ 18. Kb1 Qb6 19. Qxb6 axb6
20. Rhe1 Be6 21. a3 Rfd8 22. Rc1 Bh6 23. Rcd1 Bg4 24. Be2 Bxe2 25. Rxd8+
Rxd8 26. Rxe2 Rd2 27. Rxe7 Rxh2 28. Rb7 Be3 29. a4 Bc5 30. Rc7 Rh1+ 31. Ka2
Bf2 32. Rc3 Rh3 33. Rf3 Be1 34. Re3 Bf2 35. Rf3 Be1 36. Re3 Bf2 37. Rf3 Be1
38. Rb3 Rxg3 39. Rxb6 h5 40. Rb8+ Kg7 41. Re8 Bf2 42. Re2 Ba7 43. b4 h4 44.
b5 h3 45. Rh2 Rf3 46. a5 g5 47. b6 Bb8 48. a6 Rf5 49. a7 Ra5+ 50. Kb3 Bxa7
51. bxa7 Rxa7 52. Rxh3 Rb7+ 53. Kc3 Kg6 54. Kd4 Rd7+ 55. Ke5 f6+ 56. Ke6 Rc7
57. c3 Rc6+ 58. Kd5 Rc8 59. c4 Ra8 60. c5 Rd8+ 61. Kc6 Kf7 62. Kb7 Ke6 63.
c6 {Black forfeits on time} 1-0

[Event "ICC Open 2015"]
[Site "Internet Chess Club"]
[Date "2015.05.29"]
[Round "3"]
[White "Cramagica"]
[Black "carlito78"]
[Result "0-1"]
[ICCResult "White forfeits on time"]
[WhiteElo "1235"]
[BlackElo "1565"]
[Opening "Bird's opening"]
[ECO "A03"]
[NIC "VO.07"]
[Time "14:26:00"]
[TimeControl "180+0"]

1. f4 d5 2. Nf3 Nc6 3. e3 e6 4. b3 Bd6 5. Bb2 Nf6 6. Bb5 Bd7 7. O-O a6 8.
Bxc6 Bxc6 9. Ne5 Bxe5 10. Bxe5 O-O 11. Bb2 Re8 12. Nc3 b5 13. Ne2 Nd7 14.
Nd4 Bb7 15. b4 c5 16. bxc5 Nxc5 17. Nf3 Na4 18. Bd4 f6 19. Rb1 Rc8 20. Ne5
fxe5 21. Bxe5 Re7 22. c3 Rf7 23. Qg4 Nc5 24. Rf3 Qd7 25. Rg3 Ne4 26. Rh3
Nxd2 27. Rd1 Ne4 28. Qh5 h6 29. Qg6 Kf8 30. g4 Nxc3 31. Bxc3 Rxc3 32. g5 d4
33. exd4 Rc2 {White forfeits on time} 0-1

[Event "ICC Open 2015"]
[Site "Internet Chess Club"]
[Date "2015.05.29"]
[Round "3"]
[White "LLEonidSTEin"]
[Black "onti"]
[Result "1-0"]
[ICCResult "Black forfeits on time"]
[WhiteElo "1863"]
[BlackElo "1464"]
[Opening "Queen's pawn game"]
[ECO "D02"]
[NIC "QP.08"]
[Time "14:25:57"]
[TimeControl "180+0"]

1. d4 d5 2. Nf3 g6 3. c4 Bg7 4. e3 e6 5. Nc3 Ne7 6. Be2 c6 7. O-O Na6 8. Re1
Nc7 9. a3 a6 10. Qc2 Nf5 11. Bd2 Nh4 12. Rac1 Nxf3+ 13. Bxf3 Qh4 14. g3 Qe7
15. c5 h5 16. h3 h4 17. g4 f5 18. Na4 Nb5 19. Nb6 Rb8 20. a4 Nc7 21. b4 Bd7
22. Bc3 O-O 23. Qe2 f4 24. e4 Na8 25. Nxd7 Qxd7 26. exd5 exd5 27. Qe6+ Qxe6
28. Rxe6 Rbe8 29. Rce1 Rxe6 30. Rxe6 Nc7 31. Re7 Rf7 32. Re2 Kf8 33. g5 Re7
34. Rxe7 Kxe7 35. Bg4 Ne6 36. Kg2 Nxd4 37. Bc8 Be5 38. Bxb7 f3+ 39. Kf1 Ke6
40. Bxd4 {Black forfeits on time} 1-0

[Event "ICC Open 2015"]
[Site "Internet Chess Club"]
[Date "2015.05.29"]
[Round "3"]
[White "want2win"]
[Black "plagis"]
[Result "0-1"]
[ICCResult "White checkmated"]
[WhiteElo "2362"]
[BlackElo "2055"]
[Opening "French: Steinitz, Boleslavsky variation"]
[ECO "C11"]
[NIC "FR.04"]
[Time "14:26:15"]
[TimeControl "180+0"]

1. e4 e6 2. d4 d5 3. Nc3 Nf6 4. e5 Nfd7 5. f4 c5 6. Nf3 Nc6 7. Be3 a6 8. Qd2
b5 9. dxc5 Nxc5 10. O-O-O Qa5 11. Kb1 b4 12. Ne2 Qc7 13. Ned4 a5 14. Bb5 Bd7
15. Nxc6 Ne4 16. Qd3 Bxc6 17. Nd4 Bd7 18. Bxd7+ Qxd7 19. Qb5 Qxb5 20. Nxb5
O-O-O 21. Nd4 g6 22. Nc6 Rd7 23. Nxa5 Kc7 24. Nb3 Kb7 25. g4 Be7 26. h4 h5
27. g5 Rc8 28. Nd2 Ng3 29. Rhe1 Nf5 30. Bf2 Rdc7 31. Rc1 Ka6 32. Nf3 Rc4 33.
Be3 Nxe3 34. Rxe3 Rxf4 35. Rf1 Rcc4 36. b3 Rce4 37. Rxe4 dxe4 38. Nd2 Rxh4
39. Rxf7 Bxg5 40. Nc4 e3 41. Rf1 Rh2 42. Re1 e2 43. Nd2 Bxd2 44. Rg1 e1=Q+
45. Rxe1 Bxe1 46. Kb2 Bc3+ 47. Kb1 Rh1# {White checkmated} 0-1

[Event "ICC Open 2015"]
[Site "Internet Chess Club"]
[Date "2015.05.29"]
[Round "3"]
[White "nevidimka"]
[Black "savlanut"]
[Result "1-0"]
[ICCResult "Black forfeits on time"]
[WhiteElo "1966"]
[BlackElo "1188"]
[Opening "Trompowsky attack (Ruth, Opocenský opening)"]
[ECO "A45"]
[NIC "QP.07"]
[Time "14:26:02"]
[TimeControl "180+0"]

1. d4 Nf6 2. Bg5 h6 3. Bxf6 exf6 4. e3 Bb4+ 5. c3 Be7 6. g3 O-O 7. Bg2 d5 8.
Nd2 Bf5 9. Qb3 Nd7 10. Bxd5 c6 11. Bg2 Nb6 12. Ne2 Qc7 13. O-O Rad8 14. c4
h5 15. Nc3 h4 16. c5 Nc8 17. Qd1 hxg3 18. hxg3 Bg6 19. b4 f5 20. Nc4 Rfe8
21. Ne5 Bh7 22. Qh5 g6 23. Qe2 Bf6 24. f4 Bxe5 25. fxe5 g5 26. Qh5 Qe7 27.
Bh3 g4 28. Bg2 Qf8 29. Rxf5 Bxf5 30. Qxf5 Qg7 31. Ne4 Ne7 32. Nf6+
{Black forfeits on time}
1-0

[Event "ICC Open 2015"]
[Site "Internet Chess Club"]
[Date "2015.05.29"]
[Round "3"]
[White "VolcanoExplorer"]
[Black "elmonkey"]
[Result "1-0"]
[ICCResult "Black forfeits on time"]
[WhiteElo "1992"]
[BlackElo "1332"]
[Opening "French defense"]
[ECO "C00"]
[NIC "FR.01"]
[Time "14:26:50"]
[TimeControl "180+0"]

1. e4 e6 2. Nf3 d5 3. exd5 exd5 4. d4 Nf6 5. Bg5 Bd6 6. Bxf6 Qxf6 7. Bd3 O-O
8. O-O Bf5 9. Bxf5 Qxf5 10. Nbd2 Nd7 11. c3 Nf6 12. Re1 Rfe8 13. Nf1 h6 14.
Ne3 Qd7 15. Qb3 c6 16. c4 Bf4 17. cxd5 Nxd5 18. Nxd5 cxd5 19. Ne5 Qe6 20.
Qf3 Bd2 21. Re2 Ba5 22. a3 Rf8 23. b4 Bb6 24. Rae1 Bxd4 25. Ng4 Qd6 26. Rd2
Bb6 27. Rxd5 {Black forfeits on time} 1-0

[Event "ICC Open 2015"]
[Site "Internet Chess Club"]
[Date "2015.05.29"]
[Round "3"]
[White "akibael"]
[Black "LittlePeasant"]
[Result "1-0"]
[ICCResult "Black checkmated"]
[WhiteElo "2443"]
[BlackElo "2831"]
[Opening "Réti opening"]
[ECO "A04"]
[NIC "QP.10"]
[Time "14:25:20"]
[TimeControl "180+0"]

1. Nf3 c5 2. g3 g6 3. Bg2 Bg7 4. O-O Nc6 5. d3 e5 6. Nc3 Nge7 7. e4 O-O 8.
Be3 d6 9. Qd2 Be6 10. Bh6 Qd7 11. Rfe1 Rab8 12. Bxg7 Kxg7 13. Ng5 f6 14.
Nxe6+ Qxe6 15. Nd5 b5 16. c3 b4 17. a3 Rb7 18. axb4 cxb4 19. Nxe7 Qxe7 20.
d4 Rfb8 21. d5 Nd8 22. Ra2 bxc3 23. bxc3 Qc7 24. Bf1 Qc5 25. Rea1 Rc7 26.
Ra6 Nf7 27. c4 Ng5 28. Bg2 Rbb7 29. h4 Nf7 30. Bf1 Rb3 31. Kh2 h5 32. R1a5
Qd4 33. Qxd4 exd4 34. Rxa7 Rxa7 35. Rxa7 Kf8 36. f4 Re3 37. Bh3 Rxe4 38. Be6
Nd8 39. Ra8 Ke7 40. Ra7+ Ke8 41. Bd7+ Kf8 42. Ra8 Ke7 43. Ra7 Re3 44. Be6+
Ke8 45. Bd7+ Kf8 46. Ra8 Ke7 47. Ra7 d3 48. Bf5+ Kf8 49. Bxg6 d2 50. Bxh5
Re1 51. Rd7 d1=Q 52. Bxd1 Ke8 53. Rxd6 Re2+ 54. Bxe2 Ke7 55. c5 Nb7 56. Re6+
Kf7 57. c6 Nd8 58. c7 Nb7 59. Rc6 Kg6 60. c8=Q Nd6 61. Qe6 Nf7 62. Qxf6+ Kh7
63. Qxf7+ Kh8 64. Rc8# {Black checkmated} 1-0

[Event "ICC Open 2015"]
[Site "Internet Chess Club"]
[Date "2015.05.29"]
[Round "3"]
[White "smoothg"]
[Black "Fivetrick"]
[Result "0-1"]
[ICCResult "White forfeits on time"]
[WhiteElo "1823"]
[BlackElo "2251"]
[Opening "Sicilian: closed"]
[ECO "B23"]
[NIC "SI.44"]
[Time "14:25:58"]
[TimeControl "180+0"]

1. e4 c5 2. Nc3 a6 3. f4 b5 4. a3 Bb7 5. d3 e6 6. Nf3 d5 7. Be2 b4 8. axb4
cxb4 9. Na4 dxe4 10. Ne5 Nf6 11. d4 Be7 12. O-O O-O 13. Be3 Nd5 14. Qc1 f6
15. Nc4 Nd7 16. Bg4 f5 17. Be2 Qc7 18. b3 a5 19. Qd2 Rfc8 20. g4 Nxe3 21.
Qxe3 Nf6 22. g5 Nd5 23. Qf2 Ba6 24. Rad1 Bb5 25. Qg3 Bxa4 26. bxa4 Nc3 27.
Qe3 Nxe2+ 28. Qxe2 Qxc4 29. Qf2 Qxc2 30. Rd2 Qd3 31. Qe1 Bc5 32. Rxd3 Bxd4+
{White forfeits on time}
0-1

[Event "ICC Open 2015"]
[Site "Internet Chess Club"]
[Date "2015.05.29"]
[Round "3"]
[White "Discoverchess"]
[Black "Glamurius"]
[Result "0-1"]
[ICCResult "White resigns"]
[WhiteElo "2469"]
[BlackElo "2945"]
[Opening "English opening"]
[ECO "A20"]
[NIC "EO.24"]
[Time "14:25:45"]
[TimeControl "180+0"]

1. c4 e5 2. g3 Nf6 3. Bg2 c6 4. d4 exd4 5. Qxd4 Na6 6. Nf3 Bc5 7. Qd1 O-O 8.
O-O h6 9. Nc3 Re8 10. b3 Nc7 11. Bb2 d5 12. cxd5 Ncxd5 13. Nxd5 Nxd5 14. Rc1
Bf8 15. Qd4 Be6 16. Rfd1 Qb6 17. Ne5 Qxd4 18. Bxd4 a5 19. Nc4 Nb4 20. a3
Bxc4 21. Rxc4 Na6 22. Bf3 Bxa3 23. Bb6 Bb4 24. Rd7 Re7 25. Rxe7 Bxe7 26.
Bxa5 Nb8 27. Bb4 Bxb4 28. Rxb4 Ra7 29. Rd4 Na6 30. Rd8+ Kh7 31. Rd7 f5 32.
g4 Nc5 33. Rc7 fxg4 34. Bxg4 Kg6 35. h4 Nxb3 36. h5+ Kf6 37. Rc8 Ra4 38. Bf3
Nd4 39. Be4 Nxe2+ 40. Kg2 Rxe4 41. Kf3 Re7 42. Rf8+ Kg5 43. Rg8 Kxh5 44.
Rxg7 Rxg7 45. Kxe2 Rf7 46. f4 Kg4 47. Ke3 Rxf4 48. Kd3 h5 49. Kd2 h4 50. Kd1
h3 51. Ke2 Rf3 {White resigns} 0-1

[Event "ICC Open 2015"]
[Site "Internet Chess Club"]
[Date "2015.05.29"]
[Round "3"]
[White "olimpus"]
[Black "SCORPION83"]
[Result "1-0"]
[ICCResult "Black forfeits on time"]
[WhiteElo "2750"]
[BlackElo "3203"]
[Opening "QGD: Tarrasch, Réti variation"]
[ECO "A00"]
[NIC "TD.04"]
[Time "14:25:33"]
[TimeControl "180+0"]

1. g3 d5 2. Bg2 c5 3. Nf3 Nc6 4. d4 Nf6 5. O-O e6 6. c4 Be7 7. cxd5 exd5 8.
Nc3 O-O 9. dxc5 Bxc5 10. Na4 Be7 11. Be3 Re8 12. Rc1 Bg4 13. h3 Bh5 14. Bc5
Rc8 15. Re1 Bg6 16. Nd4 Be4 17. Nxc6 Rxc6 18. Bxe7 Qxe7 19. Rxc6 bxc6 20.
Qd4 Qc7 21. Nc5 Qa5 22. b4 Qa3 23. e3 h6 24. Bf1 Rb8 25. Nxe4 Nxe4 26. b5
cxb5 27. Qxd5 Nc3 28. Qe5 Rd8 29. Qc7 Rd2 30. Qc8+ Kh7 31. Qf5+ Kg8 32. e4
Rd8 33. e5 Qxa2 34. e6 fxe6 35. Qc5 Rf8 36. f4 Qd2 37. Re3 b4 38. Rxe6 b3
39. Bc4 Kh7 40. Qxf8 Qd4+ 41. Kg2 Qd2+ 42. Re2 Nxe2 43. Qf5+
{Black forfeits on time}
1-0

[Event "ICC Open 2015"]
[Site "Internet Chess Club"]
[Date "2015.05.29"]
[Round "3"]
[White "Red-white"]
[Black "Kseroks"]
[Result "1-0"]
[ICCResult "Black resigns"]
[WhiteElo "3305"]
[BlackElo "2777"]
[Opening "Réti: King's Indian attack (Barcza system)"]
[ECO "A07"]
[NIC "QP.09"]
[Time "14:26:54"]
[TimeControl "180+0"]

1. Nf3 d5 2. g3 Nf6 3. Bg2 c6 4. c4 e6 5. b3 a5 6. O-O a4 7. Bb2 Be7 8. d4
O-O 9. Qc2 Qa5 10. Nbd2 Na6 11. a3 axb3 12. Nxb3 Qa4 13. Ne5 Nd7 14. Rfc1
Nxe5 15. dxe5 dxc4 16. Qxc4 Qxc4 17. Rxc4 Rd8 18. Bd4 Nc7 19. Bb6 Rd7 20.
Nc5 Bxc5 21. Bxc5 h6 22. h4 Nd5 23. Bd6 Nb6 24. Rc2 Ra4 25. Rac1 Nd5 26. h5
Ne7 27. e4 b5 28. f3 Bb7 29. Bf1 Nc8 30. Bb4 Nb6 31. Kf2 Ra8 32. Ke3 Rad8
33. Ba5 Na4 34. Bxd8 Rxd8 35. Rd2 Ra8 36. Rcd1 Kf8 37. Rd8+ {Black resigns}
1-0

[Event "ICC Open 2015"]
[Site "Internet Chess Club"]
[Date "2015.05.29"]
[Round "3"]
[White "Sc6"]
[Black "podkarpacki"]
[Result "1-0"]
[ICCResult "Black forfeits on time"]
[WhiteElo "1776"]
[BlackElo "1405"]
[Opening "French: classical, Tartakower variation"]
[ECO "C13"]
[NIC "FR.06"]
[Time "14:25:17"]
[TimeControl "180+0"]

1. e4 e6 2. d4 d5 3. Nc3 Nf6 4. Bg5 Be7 5. e5 Ne4 6. Bxe7 Qxe7 7. Bd3 Nxc3
8. bxc3 c5 9. Nf3 Nc6 10. O-O O-O 11. dxc5 Qxc5 12. Ng5 h6 13. Nh7 Re8 14.
Nf6+ gxf6 15. Qg4+ Kf8 16. exf6 Rd8 17. Qg7+ Ke8 18. Qg8+ Qf8 19. Qh7 Ne5
20. Bb5+ Bd7 21. Rab1 Bxb5 22. Rxb5 b6 23. Re1 Ng6 24. Rb4 Qh8 25. Rxe6+
fxe6 26. Qxg6+ Kd7 27. Qf7+ Kd6 28. Qe7+ Kc6 29. c4 Rd6 30. cxd5+ exd5 31.
c4 Qxf6 32. cxd5+ Kc5 33. Qe1 Rxd5 34. g3 Rad8 35. Qc1+ Kd6 36. Qa3 Qa1+ 37.
Kg2 Ke6 38. Re4+ Re5 39. Qb3+ Rd5 40. Rf4 {Black forfeits on time} 1-0